AoeStats
← xXx_69_xXx

Arabia

506241479Analyzed
1v1 RM · 19d ago on Sep 12, 2026· 21m 24s· 2 players
Game mode
Random Map
Map size
Tiny (2 player)
Population
200
Speed
Normal
Resources
Standard
Victory
Conquest
Starting age
Dark Age
Ending age
Imperial Age
RankedLock teamsTeams togetherTeam positionsShared explorationLock speedFull tech treeHidden civsTurbo modeCheats
Victory
Defeat
🇲🇽 Malay · Mexico
1815
+12
🇪🇸 Lithuanians · Spain
1729
-12
Tdb.Ricardo90
6:43 Loom
8:56 Feudal Age
11:40 Double-Bit Axe
14:56 Horse Collar
21:03 Castle Age
19:53 Scale Barding Armor
21:32 Forging
21:18 Pikeman
xXx_69_xXx
6:17 Loom
6:38 Loom
9:34 Feudal Age
9:49 Double-Bit Axe
15:27 Wheelbarrow
18:45 Castle Age
16:32 Horse Collar
16:58 Town Watch
18:27 Scale Barding Armor
19:08 Husbandry
Connection lost

Rejoining the realm…

Still unreachable

The connection could not be restored.

Session expired

The server has moved on; the page needs a fresh start.